 Dungeon Crawl Stone Soup version 0.31.0-12-g77e489cdc1 (webtiles) character file.

Game seed: 16854077221091962655

413 Silvore the Covered (level 6, -1/52 HPs)
             Began as a Demonspawn Fighter on Feb 13, 2024.
             Slain by Eustachio
             ... wielding a +2 rapier of speed
              (6 damage)
             ... on level 4 of the Dungeon.
             The game lasted 00:04:40 (3388 turns).

Silvore the Covered (Demonspawn Fighter)            Turns: 3388, Time: 00:04:41

Health: -1/52      AC: 14    Str: 18    XL:     6   Next: 59%
Magic:  6/6        EV:  9    Int:  9    God:
Gold:   173        SH:  4    Dex: 12    Spells: 5/5 levels left

rFire   + . .        a - +0 long sword
rCold   . . .        c - +0 buckler
rNeg    + . .        b - +0 scale mail
rPois   .            (helmet restricted)
rElec   .            (no cloak)
rCorr   .            (no gloves)
SInv    .            (no boots)
Will    .....        (no amulet) Stlth
                     j - ring of positive energy
HPRegen 0.28/turn    n - ring of protection from fire
MPRegen 0.10/turn

%: no passive effects
@: sanguine armoured
A: foul stench 2, sanguine armour 1, horns 1, robust 1, shaggy fur 1
a: no special abilities


You were on level 4 of the Dungeon.
You visited 1 branch of the dungeon, and saw 4 of its levels.

You collected 173 gold pieces.

Inventory:

Hand Weapons
 a - a +0 long sword (weapon)
Armour
 b - a +0 scale mail (worn)
 c - a +0 buckler (worn)
Jewellery
 f - a ring of magical power
 j - a ring of positive energy (left hand)
 n - a ring of protection from fire (right hand)
Scrolls
 l - a scroll of poison
 p - a scroll of fog
Potions
 e - a potion of cancellation
 g - 2 potions of curing
 h - a potion of enlightenment
 i - a potion of mutation
 o - a potion of attraction
 q - a potion of magic {unknown}


   Skills:
 + Level 3.8 Fighting
 + Level 4.1 Long Blades
 + Level 4.2 Armour
 + Level 1.4 Dodging
 + Level 0.4 Stealth
 + Level 3.4 Shields


You had 5 spell levels left.
You didn't know any spells.
Your spell library contained the following spells:

 Spells                   Type           Power      Damage    Failure   Level
 Animate Armour           Summ/Erth      0%         N/A       100%        4
 Summon Lightning Spire   Summ/Air       0%         N/A       100%        4
 Lee's Rapid Deconstruct  Erth           0%         3d4*      100%        5


Dungeon Overview and Level Annotations

Branches:
Dungeon (4/15)
 Temple: D:4-7

Altars:

Annotations:
D:4 Eustachio


Innate Abilities, Weirdness & Mutations

You sometimes emit foul miasma when damaged in melee.
When seriously injured, your blood forms armour. (AC +6)
You have a pair of small horns on your head.
You are robust. (+10% HP)
You are covered in fur. (AC +1)


Message History

The river rat looks even sicker.
The river rat seems to slow down.
You kill the river rat!
The river rat's corpse disappears in a puff of smoke!
The river rat misses you.
Eustachio gestures wildly while chanting.
The river rat completely misses you.
You hit the river rat.
You headbutt the river rat, but do no damage.
The river rat is moderately wounded.
Eustachio hits you but does no damage.
The river rat bites you but does no damage.
Eustachio hits you but does no damage. The river rat barely misses you.
You closely miss the river rat.
The river rat is moderately wounded.
Eustachio mumbles some strange words.
The river rat bites you but does no damage.
Eustachio hits you with a +2 rapier of speed!
* * * LOW HITPOINT WARNING * * *
You emit a cloud of foul miasma!
You closely miss Eustachio.
Eustachio is lightly wounded.
You hear a shout!
Eustachio is engulfed in dark miasma.
Eustachio is poisoned.
Eustachio seems to slow down.
Eustachio hits you but does no damage. The river rat barely misses you.
Eustachio is engulfed in dark miasma.
Eustachio looks even sicker.
Eustachio hits you with a +2 rapier of speed.
* * * LOW HITPOINT WARNING * * *
You barely miss Eustachio.
Eustachio is lightly wounded.
Eustachio is no longer moving slowly.
The river rat barely misses you.
Eustachio is engulfed in dark miasma.
Eustachio looks even sicker.
Eustachio seems to slow down.
Eustachio hits you but does no damage.
You hit Eustachio.
Eustachio is heavily wounded.
Eustachio is no longer moving slowly.
The river rat closely misses you.
Eustachio is engulfed in dark miasma.
Eustachio looks as sick as possible!
Eustachio hits you with a +2 rapier of speed.
You die...
Eustachio twirls his moustache.

#...#'### #.#
#.### #.#
#...#...# #.#
#..
#.......###
###
##........####
#.....##....#
#[....#####.#
####+## #.#
#.### #.@r#
###@#
.......r5.#
....5......".
..#.......####
..?.......
.B#######..# .
... ##.#


You could see Eustachio (extremely poisoned), a quasit (summoned), a river rat
(summoned) and a rat (summoned).

Vanquished Creatures
  An ogre (D:4)
  A scorpion (D:2)
  An orc priest (D:1)
  Crazy Yiuf (D:3)
  2 orc wizards
  Robin (D:3)
  5 adders
  4 dart slugs
  2 ribbon worms (D:2)
  2 orcs
  5 endoplasms
  8 giant cockroaches
  16 goblins
  6 hobgoblins
  2 jackals (D:1)
  2 quokkas
  12 ball pythons
  7 bats
  4 frilled lizards
  3 kobolds
  7 rats
92 creatures vanquished.

Notes
Turn   | Place    | Note
-------+----------+-------------------------------------------
     0 | D:1      | Silvore the Demonspawn Fighter began the quest for the Orb.
     0 | D:1      | Reached XP level 1. HP: 18/18 MP: 1/1
   175 | D:1      | Gained mutation: When seriously injured, your blood forms
                  | armour. (AC +6) [demonic ancestry]
   175 | D:1      | Reached XP level 2. HP: 22/24 MP: 2/2
   433 | D:1      | Found a faded altar of an unknown god.
   694 | D:1      | Gained mutation: You may rarely emit foul miasma when
                  | damaged in melee. [demonic ancestry]
   694 | D:1      | Reached XP level 3. HP: 9/29 MP: 3/3
  1017 | D:1      | Gained mutation: You sometimes emit foul miasma when
                  | damaged in melee. [demonic ancestry]
  1017 | D:1      | Reached XP level 4. HP: 10/35 MP: 4/4
  1251 | D:2      | Gained mutation: You are robust. (+10% HP) [potion of
                  | mutation]
  1251 | D:2      | Gained mutation: You are covered in fur. (AC +1) [potion of
                  | mutation]
  1251 | D:2      | Gained mutation: You have a pair of small horns on your
                  | head. [potion of mutation]
  1627 | D:2      | Reached XP level 5. HP: 45/45 MP: 5/5
  2255 | D:3      | Noticed Robin
  2272 | D:3      | Killed Robin
  2273 | D:3      | Reached skill level 1 in Dodging
  2280 | D:3      | Reached XP level 6. HP: 28/51 MP: 6/6
  2682 | D:3      | Found a runed translucent door.
  2683 | D:3      | Noticed Crazy Yiuf
  2689 | D:3      | Killed Crazy Yiuf
  3338 | D:4      | Noticed Eustachio
  3388 | D:4      | Slain by Eustachio

Illustrated notes

Levels and vault maps discovered:
D:1:      kennysheep_arrival_seaside, layout_basic,
          chequers_ecumenical_altar_island
D:2:      layout_basic, kennysheep_generic_room_14
D:3:      layout_basic, overflow_temple_1_default, uniq_robin,
          uniq_crazy_yiuf_cottage
D:4:      layout_basic, riverfiend_overflow_shadow_ancestor,
          mainiacjoe_overflow_chevrons, minitemple, minmay_manual_maat,
          uniq_eustachio

Skill      XL: |  1  2  3  4  5  6 |
---------------+-------------------+-----
Long Blades    | 2 3 4 |  4.1
Shields        | 3 |  3.4
Armour         | 3 4 |  4.2
Dodging        | 1 |  1.4
Fighting       | |  3.8
Stealth        | |  0.4

Action                     |  1- 3 |  4- 6 || total
---------------------------+-------+-------++-------
  Melee: Long sword        |   111 |   207 ||   318
         Headbutt          |       |    41 ||    41
    Use: Potion            |       |     2 ||     2
         Scroll            |       |     9 ||     9
 Armour: Scale mail        |    99 |   157 ||   256
  Dodge: Dodged            |    42 |   110 ||   152
  Block: Buckler           |    21 |    46 ||    67
